 Dungeon Crawl Stone Soup version 0.31.0-12-g77e489cdc1 (webtiles) character file.

Game seed: 17626782018582942328

0 ChadusMaximus the Caller (level 1, 0/13 HPs)
             Began as a Barachi Summoner on Mar 3, 2024.
             Slain by a quokka (4 damage)
             ... on level 1 of the Dungeon.
             The game lasted 00:00:10 (67 turns).

ChadusMaximus the Caller (Barachi Summoner)           Turns: 67, Time: 00:00:11

Health: 0/13       AC:  2    Str:  9    XL:     1   Next: 10%
Magic:  1/3        EV: 12    Int: 15    God:
Gold:   10         SH:  0    Dex: 12    Spells: 3/4 levels left

rFire   . . .        (no weapon)
rCold   . . .        (no shield)
rNeg    . . .        a - +0 robe
rPois   .            (no helmet)
rElec   .            (no cloak)
rCorr   .            (no gloves)
SInv    .            (no boots)
Will    .....        (no amulet)
Stlth   ++           (no ring)
HPRegen 0.22/turn    (no ring)
MPRegen 0.08/turn

%: no passive effects
@: slow
A: amphibious, slowness 1, strong legs 1, +LOS
a: Hop


You were on level 1 of the Dungeon.
You visited 1 branch of the dungeon, and saw 1 of its levels.

You collected 10 gold pieces.

Inventory:

Armour
 a - a +0 robe (worn)
Potions
 b - a potion of magic


   Skills:
 - Level 2.1 Dodging
 - Level 1.7 Stealth
 + Level 2.2 Spellcasting
 * Level 4.8 Summonings


You had 3 spell levels left.
You knew the following spells:

 Your Spells              Type           Power      Damage    Failure   Level
a - Summon Small Mammal   Summ           64%        N/A       3%          1

Your spell library contained the following spells:

 Spells                   Type           Power      Damage    Failure   Level
 Call Imp                 Summ           32%        N/A       4%          2
 Call Canine Familiar     Summ           16%        N/A       9%          3
 Summon Blazeheart Golem  Fire/Summ      8%         N/A       63%         4
 Summon Lightning Spire   Summ/Air       8%         N/A       63%         4


Dungeon Overview and Level Annotations

Branches:
Dungeon (1/15)

Altars:

Shops:
D:1 :


Innate Abilities, Weirdness & Mutations

You are amphibious.
You cover ground slowly.
You can hop short distances.
You have an extended range of vision and can be seen from far away.


Message History

You barely miss the quokka. Your punch misses the quokka. The quokka bites you.
Your quokka misses the quokka.
Your rat bites the quokka but does no damage.
A quokka is nearby!
You are too injured to fight recklessly!
A quokka is nearby!
You are too injured to fight recklessly!
A quokka is nearby!
You are too injured to fight recklessly!
You are too injured to fight recklessly!
A quokka is nearby!
You are too injured to fight recklessly!
You closely miss the quokka. The quokka closely misses you.
Your quokka closely misses the quokka.
The quokka closely misses you.
Your rat closely misses the quokka.
Your quokka bites the quokka.
You completely miss the quokka.
The quokka is severely wounded.
The quokka bites you but does no damage.
Your quokka misses the quokka.
Your rat bites the quokka but does no damage.
You hit the quokka but do no damage.
The quokka is severely wounded.
The quokka bites you.
Your quokka closely misses the quokka.
Your rat misses the quokka. You closely miss the quokka.
The quokka is severely wounded.
The quokka bites you.
* * * LOW HITPOINT WARNING * * *
Your quokka bites the quokka.
Your rat bites the quokka but does no damage.
The quokka bites your rat.
Your rat dies!
Your rat's corpse disappears in a puff of smoke!
Your quokka closely misses the quokka.
The quokka closely misses your quokka.
Your quokka misses the quokka. The quokka bites your quokka.
Your quokka barely misses the quokka.
You hit the quokka but do no damage.
The quokka is almost dead.
The quokka bites you.
You die...

#.... .# #....##.#
#.......# #.⌠...⌠.##
#...∩.... .# #.⌠...⌠.#
#... .###.......#..#
........rr...# #..#@§#
#..#..#
########+#####...# ##
#<..............#####.##
######.......#.........#
##..#..##....##.#..#
##...##.....##.# .#
##.##......##.. #
###.......##.#.


You could see a quokka (ally target) and a friendly quokka (summoned).

Vanquished Creatures
  A frilled lizard (D:1)
1 creature vanquished.

Notes
Turn   | Place    | Note
-------+----------+-------------------------------------------
     0 | D:1      | ChadusMaximus the Barachi Summoner began the quest for the
                  | Orb.
     0 | D:1      | Reached XP level 1. HP: 13/13 MP: 3/3
    41 | D:1      | Found Hawk's Vocational Training.
    67 | D:1      | Slain by a quokka

Illustrated notes

Levels and vault maps discovered:
D:1:      amcnicky_arrival_feature_with_door, layout_loops_cross, serial_shops,
          nicolae_shop_pleasant_corner_grove, nicolae_shop_vocational

Action                     || total
---------------------------++-------
  Melee: Unarmed           ||    11
   Cast: Summon Small Mamm ||     4
 Armour: Robe              ||     8
  Dodge: Dodged            ||     7
